 Dungeon Crawl Stone Soup version 0.27-a0-1202-ge72e49191c (webtiles) character file.

Game seed: 17095247658032208499

14526 dickylongcocking the Fighter (level 12, -33/94 HPs)
             Began as a Djinni Fire Elementalist on June 2, 2021.
             Was a High Priest of Makhleb.
             Killed from afar by a frost giant (62 damage)
             ... with a bolt of cold
             ... on level 10 of the Dungeon.
             The game lasted 00:23:54 (20026 turns).

dickylongcocking the Fighter (DjFE)                Turns: 20026, Time: 00:23:55

Health: -33/94     AC:  8    Str:  9    XL:     12   Next: 46%
Gold:   685        EV: 15    Int: 21    God:    Makhleb [*****.] SH:  9 Dex: 19

rFire    + + +     SeeInvis .   Q - +6 rapier of Greatest Utility {drain, Str+2}
rCold    . . .     Faith    .   (no shield)
rNeg     . . .     Spirit   .   L - +0 acid dragon scales
rPois    ∞         Reflect  +   (helmet restricted)
rElec    +         Harm     .   N - scarf {repulsion}
rCorr    +         Rampage  .   q - +0 pair of gloves
Will     +....                  (boots unavailable)
Stlth    ++........             K - amulet of reflection
HPRegen  0.25/turn              (no ring)
MPRegen  0.00/turn              (no ring)

@: about to teleport, resistant, flying, repel missiles
A: sickness immunity, fire resistance 2, cold vulnerability 1, float, innate
caster, hp casting, extra vitality 1, horns 1, large bone plates 1, agile 2
a: Renounce Religion, Minor Destruction, Lesser Servant of Makhleb, Major
Destruction, Greater Servant of Makhleb


You were on level 10 of the Dungeon.
You worshipped Makhleb.
Makhleb was extremely pleased with you.
You visited 2 branches of the dungeon, and saw 11 of its levels.
You also visited: Sewer and Bailey.

You collected 685 gold pieces.

Inventory:

Hand Weapons
 b - a +2 dagger of flaming
 g - a +0 short sword of protection
 h - a +0 dagger of venom
 p - a +1 great sword
 Q - the +6 rapier of Greatest Utility (weapon) {drain, Str+2}
   (You found it on level 10 of the Dungeon)

   A truly terrible weapon, it drains the life of those it strikes.
   It affects your strength (+2).
Missiles
 t - 3 curare-tipped darts
 v - 3 throwing nets
Armour
 a - a +0 robe
 q - a +0 pair of gloves (worn)
 x - a +0 troll leather armour
 D - a +0 cloak
 L - +0 acid dragon scales (worn)
 N - a scarf of repulsion (worn)
Magical Staves
 o - a staff of poison
 O - a staff of death
Jewellery
 f - an amulet of the acrobat
 J - a ring of fire
 K - an amulet of reflection (around neck)
Wands
 z - a wand of acid (8)
 E - a wand of mindburst (12)
 G - a wand of paralysis (18)
 H - a wand of polymorph (13)
 I - a wand of iceblast (5)
 M - a wand of digging (6)
Scrolls
 c - 3 scrolls of teleportation
 k - 4 scrolls of magic mapping
 u - 2 scrolls of enchant weapon
 y - 3 scrolls of enchant armour
 A - a scroll of amnesia
 B - a scroll of brand weapon
 F - 3 scrolls of noise
 P - a scroll of identify
Potions
 d - a potion of mutation
 e - a potion of curing
 i - a potion of invisibility
 j - a potion of flight
 l - a potion of magic
 m - 2 potions of attraction
 n - 3 potions of haste
 r - 2 potions of heal wounds
 s - 4 potions of might
 w - a potion of resistance
 C - 2 potions of lignification


   Skills:
 * Level 11.7 Fighting
 + Level 6.3 Armour
 + Level 7.3 Dodging
 - Level 1.5 Stealth
 * Level 10.0 Spellcasting


You had one spell level left.
You knew the following spells:

 Your Spells              Type           Power      Damage    Failure   Level
a - Foxfire               Conj/Fire      100%       2x1d9     1%          1
b - Conjure Flame         Conj/Fire      51%        6-21      1%          3
c - Inner Flame           Hex/Fire       51%        N/A       1%          3
d - Sticky Flame          Conj/Fire      51%        2d7       1%          4
e - Fireball              Conj/Fire      25%        3d11      4%          5
f - Summon Small Mammal   Summ           100%       N/A       1%          1
g - Slow                  Hex            51%        N/A       1%          2
h - Call Canine Familiar  Summ           51%        N/A       1%          3
i - Stone Arrow           Conj/Erth      100%       3d13      1%          3
j - Summon Mana Viper     Hex/Summ       51%        N/A       4%          5
Your spell library was empty.

Dungeon Overview and Level Annotations

Branches:
Dungeon (10/15)            Temple (1/1) D:4           Sewer (visited)
 Bailey (visited)
   Lair: D:8-11         Orc: D:9-12

Altars:
Ashenzari
Cheibriados
Dithmenos
Elyvilon
Fedhas
Gozag
Makhleb
Nemelex Xobeh
Okawaru
Qazlal
Sif Muna
Trog
Uskayaw
Vehumet
Wu Jian
Yredelemnul
Zin
The Shining One
Beogh

Shops:
D:2 *


Innate Abilities, Weirdness & Mutations

You are immune to sickness and miasma.
You are immune to poison.
Your flesh is very heat resistant. (rF++)
You are vulnerable to cold. (rC-)
You float through the air rather than walking.
You learn spells naturally, not from books.
Your magical power is your life essence.
You have superior vitality. (+4 HP)
You have a pair of small horns on your head.
You are partially covered in large bone plates. (SH +4)
You are very agile. (Dex +4)


Message History

Press: ? - help, Shift-Dir - straight line, f - frost giant
Aim: a frost giant, wielding a +1 battleaxe of freezing (steam, water, lightly wounded)
The fireball explodes!
The fireball engulfs the frost giant but does no damage.
The frost giant is lightly wounded.
The frost giant is engulfed in a cloud of scalding steam.
The frost giant gestures at you while chanting.
The bolt of cold hits you!!!
You feel a terrible chill!
Ouch! That really hurt!
* * * LOW HITPOINT WARNING * * *
Casting: Fireball (dangerous; 4% risk of failure)
Confirm with . or Enter, or press ? or * to list all spells.
Aiming: Fireball (dangerous; 4% risk of failure)
Press: ? - help, Shift-Dir - straight line, f/p - frost giant
Aim: a frost giant, wielding a +1 battleaxe of freezing (water, lightly wounded)
The fireball explodes!
The fireball engulfs the frost giant!!
The frost giant is moderately wounded.
You hear a sizzling sound!
* * * LOW HITPOINT WARNING * * *
Unknown command.
Unknown command.
Okay, then.
Okay, then.
Unknown command.
Press: ? - help, v - describe, . - travel
Here: a frost giant, wielding a +1 battleaxe of freezing (water, moderately wounded) Some deep water.
You feel much better.
Unknown command.
You feel protected.
Unknown command.
Unknown command.
As you read the scroll of teleportation, it crumbles to dust.
You feel strangely unstable.
Unknown command.
Unknown command.
The frost giant casts a spell at you. The bolt of cold hits you!!!
Ouch! That really hurt!
You die...

##≈≈≈≈≈≈≈.≈≈≈≈≈≈≈#
#≈≈≈≈≈≈≈≈≈≈≈≈≈≈#*
##≈≈≈≈≈≈≈≈≈≈≈≈≈≈**
#####
#≈≈≈≈≈≈≈≈≈≈≈≈≈≈≈≈≈
###≈≈≈###
#≈≈≈≈≈≈≈≈≈≈≈≈≈≈≈≈≈
##≈≈≈≈≈≈≈##
##≈≈≈≈≈≈≈≈≈≈≈≈≈≈≈≈≈
#≈≈≈≈≈≈≈≈≈#
#≈≈≈≈≈≈≈≈≈≈≈§§≈≈≈≈≈
≈≈≈≈≈#≈≈≈≈#
##≈≈≈≈○○C≈≈≈≈§§≈≈≈≈≈
≈≈≈≈##).≈≈#
##≈≈@○○≈###≈§§§§≈≈≈≈≈
≈≈≈≈##:).####≈≈≈≈####
*##≈≈≈≈≈≈≈≈
≈≈≈#########≈≈≈###
*≈≈≈#***≈ ≈≈≈###
####≈≈≈## **≈≈# *≈≈
≈≈≈≈≈###≈≈≈≈≈≈#
*****≈* *≈≈
≈≈≈≈≈≈≈≈≈≈≈≈≈##
***≈≈**≈***,,
≈≈≈≈≈≈≈≈≈≈≈≈≈#
****≈≈≈≈≈*≈≈*,,,
≈≈≈≈≈≈≈≈≈≈≈≈##
*≈≈≈≈≈≈≈≈*≈≈≈,,,
#≈≈≈≈≈≈≈≈≈###
*≈≈≈***≈≈≈≈≈**,,


You could see a frost giant.

Vanquished Creatures
  An ice dragon (D:10)
  A two-headed ogre (D:4)
  A skeletal warrior (D:10)
  An orc knight (Bailey)
  A manticore (D:9)
  A deep elf pyromancer (D:9)
  An ugly thing (D:9)
  An ice statue (D:10)
  A gargoyle (D:10)
  2 trolls (D:9)
  A wraith (D:9)
  11 yaks
  Edmund (D:4)
  A water moccasin (D:5)
  An acid dragon (D:9)
  15 orc warriors
  14 ice beasts
  3 sky beasts
  2 black bears
  3 ogres
  3 centaurs
  A phantom (D:6)
  Blork the orc (D:6)
  4 kobold brigands (Sewer)
  A bullfrog (D:7)
  2 gnoll sergeants
  3 scorpions
  A wyvern skeleton (D:4)
  6 killer bees (D:9)
  13 wights
  6 electric eels (D:10)
  2 howler monkeys (D:10)
  A centaur zombie (D:8)
  A hound (D:7)
  2 orc priests
  A centaur skeleton (D:7)
  A bullfrog skeleton (D:5)
  A scorpion zombie (D:5)
  5 iguanas
  6 orc wizards
  2 howler monkey zombies
  10 gnolls
  15 adders
  A howler monkey skeleton (D:6)
  3 river rats (Sewer)
  A white imp (D:8)
  4 worms
  3 dart slugs
  74 orcs
  2 bats (D:1)
  7 endoplasms
  5 giant cockroaches
  15 goblins
  12 hobgoblins
  11 jackals
  6 quokkas
  8 ball pythons
  3 frilled lizards
  20 kobolds
  6 rats
332 creatures vanquished.

Vanquished Creatures (collateral kills)
  2 two-headed ogres
  A death knight (D:10)
  A shadow (D:9)
  A wraith (D:9)
  A steam dragon (D:10)
  A water moccasin (D:5)
  A sky beast (D:8)
  2 ice beasts (D:10)
  A bullfrog (D:8)
  A howler monkey (D:8)
  A centaur zombie (D:10)
  2 gnolls
  2 orcs (D:4)
  An endoplasm (D:4)
  A goblin (D:4)
  A hobgoblin (D:4)
  2 jackals (D:5)
22 creatures vanquished.

Vanquished Creatures (others)
  297 foxfires
297 creatures vanquished.

Grand Total: 651 creatures vanquished

Notes
Turn   | Place    | Note
-------+----------+-------------------------------------------
     0 | D:1      | dickylongcocking the Djinni Fire Elementalist began the
                  | quest for the Orb.
     0 | D:1      | Reached XP level 1. HP: 15/15 MP: 0/0
   259 | D:1      | Reached skill level 1 in Fighting
   317 | D:1      | Reached XP level 2. HP: 20/22 MP: 0/0
   963 | D:1      | Reached XP level 3. HP: 24/28 MP: 0/0
   963 | D:1      | Learned a level 1 spell: Summon Small Mammal
  1069 | D:1      | Reached skill level 2 in Fighting
  2251 | D:2      | Reached XP level 4. HP: 33/34 MP: 0/0
  2267 | D:2      | Reached skill level 3 in Fighting
  2516 | D:2      | Found a glowing golden altar of the Shining One.
  2517 | D:2      | Found a faded altar of an unknown god.
  2770 | D:2      | Reached XP level 5. HP: 38/40 MP: 0/0
  2770 | D:2      | Learned a level 2 spell: Slow
  2836 | D:2      | Found Ymed's General Store.
  3039 | D:3      | Found a basalt altar of Yredelemnul.
  3493 | D:3      | Noticed an ogre
  3974 | D:3      | Reached skill level 4 in Fighting
  3974 | D:3      | Reached XP level 6. HP: 21/47 MP: 0/0
  4282 | D:3      | Killed an ogre
  4691 | D:4      | Found a staircase to the Ecumenical Temple.
  4697 | Temple   | Entered the Ecumenical Temple
  4793 | Temple   | Became a worshipper of Makhleb the Destroyer
  4893 | D:4      | Found a glowing drain.
  4927 | Sewer    | Entered a sewer
  4957 | Sewer    | Reached skill level 5 in Fighting
  5216 | Sewer    | Reached XP level 7. HP: 25/54 MP: 0/0
  5216 | Sewer    | Learned a level 3 spell: Call Canine Familiar
  5641 | Sewer    | Reached * piety under Makhleb
  5899 | D:4      | Noticed Edmund
  5936 | D:4      | Killed Edmund
  5937 | D:4      | Reached skill level 6 in Fighting
  5937 | D:4      | Reached XP level 8. HP: 54/61 MP: 0/0
  6009 | D:4      | Noticed a two-headed ogre
  6040 | D:4      | Killed a two-headed ogre
  6041 | D:4      | Reached skill level 7 in Fighting
  6041 | D:4      | Reached XP level 9. HP: 60/68 MP: 0/0
  6041 | D:4      | Learned a level 3 spell: Stone Arrow
  6643 | D:4      | Reached ** piety under Makhleb
  7693 | D:5      | Entered Level 5 of the Dungeon
  9283 | D:5      | Reached skill level 1 in Armour
  9340 | D:5      | Reached skill level 8 in Fighting
  9754 | D:5      | Reached *** piety under Makhleb
  9868 | D:5      | Found a stormy altar of Qazlal.
  9868 | D:5      | Found a hide-covered altar of Uskayaw.
 10517 | D:6      | Noticed Blork the orc
 10523 | D:6      | Killed Blork the orc
 10729 | D:6      | Reached XP level 10. HP: 69/77 MP: 0/0
 12303 | D:7      | Reached skill level 9 in Fighting
 13170 | D:8      | Gained mutation: You occasionally shout uncontrollably at
                  | your foes. [potion of mutation]
 13170 | D:8      | Gained mutation: You are agile. (Dex +2) [potion of
                  | mutation]
 13170 | D:8      | Gained mutation: Armour fits poorly on your strangely
                  | shaped body. [potion of mutation]
 13170 | D:8      | Gained mutation: A frigid envelope surrounds you and
                  | freezes all who hurt you. [potion of mutation]
 13187 | D:8      | Reached **** piety under Makhleb
 13433 | D:7      | Lost mutation: You occasionally shout uncontrollably at
                  | your foes. [potion of mutation]
 13433 | D:7      | Lost mutation: Armour fits poorly on your strangely shaped
                  | body. [potion of mutation]
 13433 | D:7      | Lost mutation: A frigid envelope surrounds you and freezes
                  | all who hurt you. [potion of mutation]
 13433 | D:7      | Gained mutation: You are very agile. (Dex +4) [potion of
                  | mutation]
 13433 | D:7      | Gained mutation: You are partially covered in large bone
                  | plates. (SH +4) [potion of mutation]
 13433 | D:7      | Gained mutation: You have a pair of small horns on your
                  | head. [potion of mutation]
 14447 | D:9      | Noticed a deep elf pyromancer
 14447 | D:9      | Noticed a manticore
 14452 | D:9      | Killed a deep elf pyromancer
 14453 | D:9      | Reached skill level 5 in Dodging
 14453 | D:9      | Reached XP level 11. HP: 70/85 MP: 0/0
 14453 | D:9      | Learned a level 5 spell: Summon Mana Viper
 14578 | D:9      | Killed a manticore
 14579 | D:9      | Reached skill level 10 in Fighting
 14981 | D:9      | Noticed a green ugly thing
 15014 | D:9      | Killed a green ugly thing
 15147 | D:9      | Found a sparkling altar of Nemelex Xobeh.
 15148 | D:9      | Found an iron altar of Okawaru.
 15148 | D:9      | Found an opulent altar of Gozag.
 15149 | D:9      | Found a snail-covered altar of Cheibriados.
 15818 | D:9      | Noticed a two-headed ogre
 15830 | D:9      | Killed a two-headed ogre
 16209 | D:9      | Reached skill level 5 in Armour
 16489 | D:10     | Entered Level 10 of the Dungeon
 16530 | D:10     | Noticed a two-headed ogre
 16551 | D:10     | Killed a two-headed ogre
 16556 | D:10     | Found a flagged portal.
 16570 | D:10     | Noticed a skeletal warrior
 16571 | Bailey   | Entered a bailey
 17153 | Bailey   | Reached ***** piety under Makhleb
 17509 | Bailey   | Reached skill level 11 in Fighting
 17962 | Bailey   | Identified the +3 leather armour "Durphi" {Str+6 Dex+5}
 17974 | Bailey   | Noticed an orc knight
 17983 | Bailey   | Killed an orc knight
 17984 | Bailey   | Reached XP level 12. HP: 52/94 MP: 0/0
 18217 | D:10     | Killed a skeletal warrior
 18237 | D:10     | Noticed a death knight
 18237 | D:10     | Noticed a skeletal warrior
 18815 | D:10     | Killed a death knight
 18899 | D:10     | Identified the +6 rapier of Greatest Utility {drain, Str+2}
 19880 | D:10     | Noticed an ice dragon
 19886 | D:10     | Identified a scroll of acquirement
 19901 | D:10     | Killed an ice dragon
 19902 | D:10     | Reached skill level 10 in Spellcasting
 19912 | D:10     | Acquired a scarf of repulsion
 20014 | D:10     | Noticed a frost giant
 20026 | D:10     | Killed from afar by a frost giant

Illustrated notes

Levels and vault maps discovered:
D:1:      minmay_arrival_solitary_statue, layout_loops_ring, serial_forest,
          infiniplex_forest_end_3, infiniplex_forest_lined_2,
          infiniplex_forest_lined_3, infiniplex_forest_lined_room_3
D:2:      layout_basic, basic_ecumenical_altar, basic_altar, serial_shops,
          nicolae_shop_statue_plus
D:3:      layout_basic, lemuel_doored_altar
D:4:      corexii_shantytown, layout_gridville,
          minmay_temple_entry_gardened_gates, gup_sewer_entry_pipe, uniq_edmund
D:5:      layout_gridville, gammafunk_temple_overflow_elements,
          minmay_misc_feat_square, minmay_quadrilaterals
D:6:      layout_rooms, uniq_blork_the_orc
D:7:      layout_layer_cave
D:8:      layout_rooms, special_room [special_room_orc]
D:9:      layout_stronghold, minitemple, kb_rosetta
D:10:     minmay_twisted_water, layout_basic, enter_bailey_5
Temple:   regret_index_temple_generic_petals

Skill      XL: |  1  2  3  4  5  6  7  8  9 10 11 12 |
---------------+-------------------------------------+-----
Fighting       | 1 2 3 4 5 6 7 8 9 11 | 11.7
Spellcasting   | 3 4 6 7 8 9 10 | 10.0
Armour         | 2 4 5 6 |  6.3
Dodging        | 3 5 6 7 |  7.3
Stealth        | |  1.5

Action                   |  1- 3 |  4- 6 |  7- 9 | 10-12 || total
-------------------------+-------+-------+-------+-------++-------
Melee: Unarmed           |     1 |       |       |       ||     1
       Dagger            |    46 |    77 |   157 |   101 ||   381
       Short sword       |     5 |    46 |       |     3 ||    54
       Headbutt          |       |       |       |    13 ||    13
 Cast: Foxfire           |    60 |    43 |    96 |     5 ||   204
       Inner Flame       |     2 |    10 |    23 |    33 ||    68
       Summon Small Mamm |       |    12 |     7 |     2 ||    21
       Slow              |       |     6 |     1 |     4 ||    11
       Call Canine Famil |       |       |    11 |     9 ||    20
       Sticky Flame      |       |       |    14 |    36 ||    50
       Stone Arrow       |       |       |     8 |    44 ||    52
       Fireball          |       |       |     5 |    96 ||   101
       Summon Mana Viper |       |       |       |     8 ||     8
  Use: Scroll            |       |     5 |     1 |    20 ||    26
       Potion            |       |       |       |    12 ||    12
 Stab: Sleeping          |     2 |     3 |     1 |     1 ||     7
       Distracted        |       |       |     1 |       ||     1
Armor: Robe              |     9 |    23 |    32 |    19 ||    83
       Acid dragon scale |       |       |       |    14 ||    14
Dodge: Dodged            |    54 |    97 |   173 |   132 ||   456
Block: Other             |       |       |       |    59 ||    59
       Reflection        |       |       |       |     4 ||     4

Table legend: (Time is in decaauts)
 A = Elapsed time spent in this place.
 B = Non-inter-level travel time spent in this place.
 C = Inter-level travel time spent in this place.
 D = Time resting spent in this place.
 E = Time spent auto-exploring this place.
 F = Levels seen in this place.
 G = Mean time per level.
                   A        B        C        D        E       F      G
               +--------+--------+--------+--------+--------+-----+--------+
         Total |  20040 |  19597 |    443 |   4714 |  11985 |  13 | 1541.5 |
       Dungeon |  17300 |  16904 |    396 |   4037 |  10429 |  10 | 1730.0 |
        Temple |    144 |     97 |     47 |      0 |      0 |   1 |  144.0 |
         Sewer |    956 |    956 |      0 |    224 |    563 |   1 |  956.0 |
        Bailey |   1638 |   1638 |      0 |    453 |    993 |   1 | 1638.0 |
               +--------+--------+--------+--------+--------+-----+--------+

Top non-repeatable levels by time:
     D:9: 2489 daAuts
     D:7: 2341 daAuts
     D:5: 2320 daAuts
     D:4: 2237 daAuts
     D:1: 1832 daAuts
  Bailey: 1638 daAuts
    D:10: 1467 daAuts
     D:3: 1408 daAuts
     D:2: 1355 daAuts
     D:8: 1088 daAuts
   Sewer: 956 daAuts
     D:6: 760 daAuts
  Temple: 144 daAuts
